 Dungeon Crawl Stone Soup version 0.31-a0-426-g3a05650e59 (webtiles) character file.

Game seed: 13740864396417263599

193145 floatRand the Brawler (level 18, -3/139 HPs)
             Began as a Yellow Draconian Shapeshifter on July 30, 2023.
             Was the Champion of Wu Jian.
             Constricted to death by a nagaraja (6 damage)
             ... on level 4 of the Snake Pit.
             The game lasted 00:51:02 (29208 turns).

floatRand the Brawler (DrSh)                       Turns: 29208, Time: 00:51:03

Health: -3/139     AC: 16    Str: 26    XL:     18   Next: 6%
Magic:  18/18      EV: 22    Int:  9    God:    Wu Jian [******]
Gold:   211        SH: 19    Dex: 23    Spells: 17/17 levels left

rFire   + +          +
                       - Unarmed
rCold   + + .        x - +2 shield of Resistance {rF++ rC++ Will++}
rNeg    + . .        (body armour unavailable)
rPois   +            (helmet restricted)
rElec   .            X - +1 cloak
rCorr   +            f - +2 pair of gloves {Dex+3}
SInv    .            Y - +0 pair of boots
Will    ++++.        O - amulet "Piquaw" {Reflect Dex+3 SH+5}
Stlth   ++           W - ring of Kememmom {rF+ Will+ EV+5 Str+3}
HPRegen 0.43/turn    z - ring "Osken" {rPois rN+ Str+3 Slay+6 Stlth-}
MPRegen 0.16/turn

%: reflection
@: lethally poisoned (-3 -> -11), about to teleport, maw-form, weakened,
constricted, studying Ice Magic
A: devouring maw, spit acid, AC +10, unfitting armour, acidic bite,
cold-blooded, acid resistance
a: Breathe Acid, Begin Untransformation, Renounce Religion, Wall Jump, Serpent's
Lash, Heavenly Storm


You were on level 4 of the Snake Pit.
You worshipped Wu Jian.
Wu Jian was exalted by your worship.
You were a creature with a mouth for a stomach.
You visited 5 branches of the dungeon, and saw 27 of its levels.
You also visited: Bailey and Ice Cave.

You collected 2328 gold pieces.
You spent 2117 gold pieces at shops.

Inventory:

Armour
 f - a +2 pair of gloves of dexterity (worn)
 x - the +2 shield of Resistance (worn) {rF++ rC++ Will++}
   (You found it on level 3 of the Lair of Beasts)

   rF:        It greatly protects you from fire.
   rC:        It greatly protects you from cold.
   Will:      It greatly increases your willpower.
 I - a scarf of invisibility
 X - a +1 cloak (worn)
 Y - a +0 pair of boots (worn)
Jewellery
 h - the ring "Kughybraof" {rPois rF+ Str+6 Int+3}
   (You acquired it on level 6 of the Dungeon)

   [ring of strength]

   Str:       It affects your strength (+6).
   Int:       It affects your intelligence (+3).
   rF:        It protects you from fire.
   rPois:     It protects you from poison.
 i - a ring of see invisible
 v - the ring of Meuto {Drain rF- EV+5 Str+9 Dex+8}
   (You took it off a naga warrior on level 3 of the Snake Pit)

   [ring of evasion]

   EV:        It affects your evasion (+5).
   Str:       It affects your strength (+9).
   Dex:       It affects your dexterity (+8).
   rF:        It makes you vulnerable to fire.
   Drain:     It drains your maximum health when unequipped.
 z - the ring "Osken" (right hand) {rPois rN+ Str+3 Slay+6 Stlth-}
   (You found it on level 5 of the Lair of Beasts)

   [ring of positive energy]

   Str:       It affects your strength (+3).
   Slay:      It affects your accuracy & damage with ranged weapons and melee
   (+6).
   rPois:     It protects you from poison.
   rN:        It protects you from negative energy.
   Stlth:     It makes you less stealthy.
 H - a ring of protection from cold
 O - the amulet "Piquaw" (around neck) {Reflect Dex+3 SH+5}
   (You found it in an ice cave)

   [amulet of reflection]

   It reflects blocked missile attacks.
   Dex:       It affects your dexterity (+3).
   SH:        It affects your SH (+5).
 W - the ring of Kememmom (left hand) {rF+ Will+ EV+5 Str+3}
   (You acquired it on level 2 of the Orcish Mines)

   [ring of evasion]

   EV:        It affects your evasion (+5).
   Str:       It affects your strength (+3).
   rF:        It protects you from fire.
   Will:      It increases your willpower.
Talismans
 G - a maw talisman (active)
Wands
 b - a wand of paralysis (5)
 o - a wand of iceblast (16)
 r - a wand of digging (21)
 u - a wand of polymorph (8)
 J - a wand of acid (13)
 K - a wand of mindburst (2)
 N - a wand of flame (30)
Scrolls
 a - a scroll of brand weapon
 c - 3 scrolls of enchant armour
 g - 9 scrolls of teleportation
 l - 5 scrolls of identify
 m - 2 scrolls of blinking
 n - 3 scrolls of immolation {unknown}
 p - 9 scrolls of amnesia
 s - a scroll of revelation
 t - 3 scrolls of vulnerability
 A - a scroll of torment {unknown}
 B - 3 scrolls of fog
 M - 4 scrolls of enchant weapon
 R - 3 scrolls of poison {unknown}
 V - 3 scrolls of fear
Potions
 d - 14 potions of attraction
 e - 4 potions of brilliance
 j - 2 potions of cancellation
 k - 3 potions of ambrosia
 q - 2 potions of enlightenment
 w - 13 potions of curing
 C - 4 potions of haste
 D - 4 potions of mutation
 E - 2 potions of resistance
 F - 4 potions of might
 L - 2 potions of magic
 P - 2 potions of heal wounds
 Q - 4 potions of invisibility
 Z - a potion of berserk rage
Miscellaneous
 y - a box of beasts
 S - a phantom mirror
 T - a lightning rod (4/4)
 U - a tin of tremorstones (2/2)


   Skills:
 * Level 7.5 Fighting
 + Level 10.9 Dodging
 - Level 5.3 Stealth
 - Level 7.3 Shields
 * Level 20.8 Unarmed Combat
 - Level 10.0 Evocations
 * Level 16.0 Shapeshifting


You had 17 spell levels left.
You didn't know any spells.
Your spell library contained the following spells:

 Spells                   Type           Power      Damage    Failure   Level
 Foxfire                  Conj/Fire      0%         2x1d4     58%         1
 Necrotise                Necr           0%         1d4       58%         1
 Cigotuvi's Dreadful Rot  Necr/Pois/Air  0%         N/A       73%         2
 Ensorcelled Hibernation  Hex/Ice        0%         N/A       73%         2
 Passwall                 Tmut/Erth      0%         N/A       73%         2
 Sublimation of Blood     Necr           0%         N/A       73%         2
 Call Canine Familiar     Summ           0%         N/A       91%         3
 Ozocubu's Armour         Ice            0%         N/A       91%         3
 Portal Projectile        Hex/Tloc       0%         N/A       91%         3
 Swiftness                Air            0%         N/A       91%         3
 Vampiric Draining        Necr           0%         2d6       91%         3
 Vhi's Electric Charge    Tloc/Air       0%         N/A       91%         3
 Anguish                  Hex/Necr       0%         N/A       100%        4
 Dispel Undead            Necr           0%         3d6       100%        4
 Leda's Liquefaction      Hex/Erth       0%         N/A       100%        4
 Petrify                  Tmut/Erth      0%         N/A       100%        4
 Summon Ice Beast         Ice/Summ       0%         N/A       100%        4
 Summon Lightning Spire   Summ/Air       0%         N/A       100%        4
 Agony                    Necr           0%         N/A       100%        5
 Arcjolt                  Conj/Air       0%         1d10      100%        5
 Irradiate                Conj/Tmut      0%         3d11      100%        5
 Lee's Rapid Deconstruct  Erth           0%         3d4*      100%        5
 Summon Mana Viper        Hex/Summ       0%         N/A       100%        5
 Death Channel            Necr           0%         N/A       100%        6
 Plasma Beam              Fire/Air       0%         2x1d10    100%        6
 Starburst                Conj/Fire      0%         6d3       100%        6
 Monstrous Menagerie      Summ           0%         N/A       100%        7
 Ozocubu's Refrigeration  Ice            0%         4d7       100%        7
 Animate Armour           Summ/Erth      Unusable   N/A       N/A         4

Dungeon Overview and Level Annotations

Branches:
Dungeon (15/15)            Temple (1/1) D:6            Lair (5/5) D:10
 Shoals (0/4) Lair:2        Snake (4/4) Lair:2        Slime (0/5) Lair:5
    Orc (2/2) D:11            Elf (0/3) Orc:2        Vaults (0/5) D:14
 Depths (0/4) D:15         Bailey (visited)           IceCv (visited)

Altars:
Ashenzari
Cheibriados
Dithmenos
Elyvilon
Fedhas
Gozag
Hepliaklqana
Kikubaaqudgha
Makhleb
Nemelex Xobeh
Okawaru
Qazlal
Ru
Sif Muna
Trog
Uskayaw
Vehumet
Wu Jian
Xom
Yredelemnul
Zin
The Shining One
Jiyva

Shops:
D:1 =   D:3 *   D:6 (   D:14 !   Orc:2 [*(=   Snake:1 (*::(?   Snake:2 [?!
Snake:3 ::=

Portals:
Trove: D:15 (give +6 demon blade)

Annotations:
D:8 3 runed translucent doors, Chingon's ghost, novice MiFi
Lair:4 exclusion: oklob plant
Snake:3 Roxanne


Innate Abilities, Weirdness & Mutations

You are a creature with a mouth for a stomach.
Your midsection houses a second, enormous mouth.
You can spit globs of acid.
Your golden yellow scales are hard. (AC +10)
You cannot fit into any form of body armour.
You have acidic saliva.
You are cold-blooded and may be slowed by cold attacks.
You are resistant to acid. (rCorr)


Message History

The guardian serpent casts a spell at you.
The bolt of poison hits you. You resist.
* * * LOW HITPOINT WARNING * * *
Unknown command.
Unknown command.
You pummel the nagaraja!!
You bite the nagaraja, but do no damage.
The nagaraja is moderately wounded.
The nagaraja points at you and mumbles some strange words.
You block poison arrow... and reflect it back!
The poison arrow hits the nagaraja!
The nagaraja partially resists.
The nagaraja looks as sick as possible!
You block the guardian serpent's attack.
The nagaraja points at you and mumbles some strange words.
The poison arrow hits you!
You are more poisoned.
You partially resist.
* * * LOW HITPOINT WARNING * * *
The nagaraja constricts you.
* * * LOW HITPOINT WARNING * * *
Unknown command.
You barely miss the nagaraja.
You tail-slap the nagaraja, but do no damage.
You bite the nagaraja!
The nagaraja is heavily wounded.
You feel sick. The nagaraja spits poison at you.
The splash of poison hits you but does no damage.
You resist.
You block the guardian serpent's attack.
The guardian serpent coils itself and waves its upper body at you.
Unknown command.
You hit the nagaraja but do no damage.
The nagaraja is heavily wounded.
You feel sick. You block the nagaraja's attack.
You block the guardian serpent's attack.
The nagaraja hits you with a +0 flail!!
* * * LOW HITPOINT WARNING * * *
The nagaraja constricts you.
You die...

#### ######## ##...##.......
#............. #............. #
#............. ###.# ###
#............. N.....##)###
#............. #.))N).####
#.............
######.SSW###.............
###....####NN##.............
##........###..#.............
#####..........###.#.............
..##............#..#.............
................'.##.............
)).##..........#####.............
)#####........## #.............
).# ###....### #.............


You could see 2 nagarajas, a naga warrior and 2 guardian serpents.

Vanquished Creatures
  Vashnia (Snake:3)
  Bai Suzhen (Snake:3)
  Jorgrun (Snake:3)
  Aizul (Snake:1)
  11 nagarajas
  An azure jelly (IceCv)
  2 quicksilver oozes (IceCv)
  An orc warlord (Orc:1)
  Snorg (D:10)
  A vault guard (D:14)
  A fire dragon (Lair:5)
  A catoblepas (Lair:5)
  14 anacondas
  7 hydras
  9 salamander tyrants
  6 centaur warriors
  2 boulder beetles (D:12)
  4 two-headed ogres
  2 death knights
  3 death yaks (Lair:5)
  17 naga warriors
  6 orc high priests
  Urug (D:10)
  2 tengu warriors
  7 shock serpents
  19 naga sharpshooters
  A skyshark (Lair:4)
  A fire crab (D:10)
  A skeletal warrior (D:15)
  Amaemon (D:8)
  A salamander mystic (Snake:2)
  A swamp dragon (Lair:5)
  6 naga ritualists
  4 wizards (D:15)
  A necromancer (D:15)
  A wolf spider zombie (D:15)
  11 mana vipers
  5 orc sorcerers (Orc:2)
  4 deep elf pyromancers
  3 wolf spiders
  7 cyclopes
  5 orc knights
  A deep elf zephyrmancer (D:15)
  10 ugly things
  34 elephants
  4 manticores
  17 salamanders
  13 guardian serpents
  Joseph (D:8)
  2 centaur zombies (D:15)
  32 slime creatures
  Maurice (D:8)
  48 black mambas
  A torpor snail (Lair:5)
  An ice statue (IceCv)
  19 naga magi
  2 centaur skeletons (D:15)
  Maggie (D:6)
  An orange demon (D:8)
  13 cane toads
  5 unseen horrors
  6 rime drakes
  5 yaktaurs (D:15)
  9 komodo dragons
  A tengu conjurer (D:13)
  3 efreet (D:14)
  2 freezing wraiths
  3 trolls (Orc:1)
  3 hornets
  3 polar bears
  3 meliai (D:15)
  11 blink frogs
  9 dream sheep
  A centaur simulacrum (D:15)
  3 wraiths
  5 shadows
  36 yaks
  4 spriggans (Bailey)
  6 wyverns
  2 basilisks
  3 hogs (D:7)
  A human (D:7)
  2 steam dragons
  Eustachio (D:4)
  7 wargs
  4 vampire mosquitoes
  A steam dragon (shapeshifter) (D:14)
  43 nagas
  A swamp worm (Lair:3)
  7 acid dragons
  6 water moccasins
  Duvessa (D:4)
  A swamp drake (Lair:5)
  3 ice beasts
  27 orc warriors
  A sky beast (D:7)
  3 black bears
  3 great orb of eyes simulacra (IceCv)
  21 wolves
  9 centaurs
  9 ogres
  3 phantoms
  2 slime creature simulacra (IceCv)
  2 kobold brigands
  16 bullfrogs
  A glowing shapeshifter simulacrum (IceCv)
  4 gnoll sergeants
  7 scorpions
  A wight (D:7)
  Dowan (D:4)
  4 killer bees (D:7)
  9 howler monkeys
  4 electric eels
  6 jellies
  7 hounds
  20 orc priests
  2 sleepcaps
  Terence (D:2)
  8 iguanas
  31 orc wizards
  7 shapeshifter simulacra (IceCv)
  15 gnolls
  2 adders
  12 white imps (Lair:3)
  An ufetubus (D:5)
  2 worms
  4 dart slugs
  67 orcs
  11 endoplasms
  3 giant cockroaches
  10 goblins
  9 hobgoblins
  9 jackals
  4 quokkas
  7 ball pythons
  6 bats
  6 frilled lizards
  19 kobolds
  3 rats
  3 butterflies
979 creatures vanquished.

Vanquished Creatures (others)
  A manticore (Lair:5)
  A guardian serpent (Snake:4)
2 creatures vanquished.

Grand Total: 981 creatures vanquished

Notes
Turn   | Place    | Note
-------+----------+-------------------------------------------
     0 | D:1      | floatRand the Draconian Shapeshifter began the quest for
                  | the Orb.
     0 | D:1      | Reached XP level 1. HP: 16/16 MP: 1/1
   195 | D:1      | Reached XP level 2. HP: 23/23 MP: 2/2
   441 | D:1      | Found Cucecwunt's Jewellery Shoppe.
   694 | D:2      | Noticed Terence
   724 | D:2      | Killed Terence
   725 | D:2      | Reached skill level 4 in Unarmed Combat
   725 | D:2      | Reached XP level 3. HP: 18/28 MP: 3/3
  1052 | D:2      | Reached XP level 4. HP: 30/35 MP: 4/4
  1739 | D:3      | Found Dikhli's General Store.
  2034 | D:3      | Reached skill level 5 in Unarmed Combat
  2034 | D:3      | Reached XP level 5. HP: 26/40 MP: 5/5
  2463 | D:4      | Reached XP level 6. HP: 47/47 MP: 6/6
  2469 | D:4      | Reached skill level 6 in Unarmed Combat
  2511 | D:4      | You fall into a shaft and drop 2 floors!
  2522 | D:6      | Found Nush's Antique Weapon Emporium.
  2527 | D:6      | Noticed an ice beast
  2535 | D:6      | Killed an ice beast
  2594 | D:5      | Entered Level 5 of the Dungeon
  2840 | D:5      | Your scales start taking on a golden yellow colour.
  2840 | D:5      | Reached XP level 7. HP: 48/52 MP: 7/7
  2840 | D:5      | Gained mutation: You are resistant to acid. (rCorr) [Yellow
                  | Draconian growth]
  2968 | D:5      | Reached skill level 7 in Unarmed Combat
  3410 | D:4      | Reached skill level 5 in Shapeshifting
  3458 | D:4      | Noticed Duvessa
  3458 | D:4      | Noticed Dowan
  3478 | D:4      | Killed Duvessa
  3485 | D:4      | Killed Dowan
  3706 | D:4      | Found the +8 trident of the Octopus King {venom, rElec
                  | rPois}
  3709 | D:4      | Noticed Eustachio
  3752 | D:5      | Reached skill level 8 in Unarmed Combat
  3903 | D:4      | Reached XP level 8. HP: 59/59 MP: 8/8
  3995 | D:4      | Killed Eustachio
  4492 | D:6      | Reached skill level 9 in Unarmed Combat
  4774 | D:6      | Noticed Maggie
  4802 | D:6      | Killed Maggie
  4803 | D:6      | Reached skill level 10 in Unarmed Combat
  4980 | D:6      | Reached XP level 9. HP: 64/64 MP: 9/9
  5064 | D:6      | Found a staircase to the Ecumenical Temple.
  5202 | Temple   | Entered the Ecumenical Temple
  5209 | Temple   | Became a worshipper of the Wu Jian Council
  5504 | D:6      | Identified a scroll of acquirement
  5504 | D:6      | Acquired the ring "Kughybraof" {rPois rF+ Str+6 Int+3}
  5609 | D:7      | Reached skill level 11 in Unarmed Combat
  6084 | D:7      | Found a bloodstained altar of Trog.
  6085 | D:7      | Found a hide-covered altar of Uskayaw.
  6113 | D:7      | Found an iron altar of Okawaru.
  6113 | D:7      | Found a sparkling altar of Nemelex Xobeh.
  6228 | D:7      | Reached skill level 12 in Unarmed Combat
  6317 | D:7      | Reached XP level 10. HP: 70/71 MP: 10/10
  6322 | D:7      | Reached * piety under Wu Jian
  6927 | D:8      | Noticed Amaemon
  6927 | D:8      | Noticed an orange demon
  6945 | D:8      | Killed Amaemon
  6952 | D:8      | Killed an orange demon
  7104 | D:8      | Reached skill level 13 in Unarmed Combat
  7171 | D:8      | Noticed Joseph
  7183 | D:8      | Killed Joseph
  7454 | D:8      | Noticed Maurice
  7454 | D:8      | Paralysed by Maurice for 5 turns
  7476 | D:8      | Killed Maurice
  7550 | D:8      | Found a runed translucent gate.
  7550 | D:8      | Found a runed translucent gate.
  7551 | D:8      | Found a runed translucent gate.
  7878 | D:8      | Noticed Chingon's ghost (novice MiFi)
  7960 | D:9      | Noticed a two-headed ogre
  8050 | D:9      | Found a hazy altar of Hepliaklqana.
  8184 | D:9      | Found a broken altar of Ashenzari.
  8283 | D:9      | Found a flagged portal.
  8298 | Bailey   | Entered a bailey
  8492 | Bailey   | Noticed a two-headed ogre
  8705 | Bailey   | Reached skill level 14 in Unarmed Combat
  8829 | Bailey   | Killed a two-headed ogre
  8830 | Bailey   | Reached XP level 11. HP: 61/77 MP: 11/11
  8977 | D:9      | Reached ** piety under Wu Jian
  8993 | D:9      | Killed a two-headed ogre
  9396 | D:9      | Found a basalt altar of Yredelemnul.
  9492 | D:10     | Entered Level 10 of the Dungeon
  9602 | D:10     | Noticed Snorg
  9804 | D:10     | Found a staircase to the Lair.
  9805 | D:10     | Noticed a fire crab
  9858 | D:10     | Killed a fire crab
  9883 | D:10     | Reached skill level 1 in Stealth
  9888 | D:10     | Killed Snorg
 10282 | D:10     | Identified the +8 rapier of Feral Cruel Justice {flame,
                  | Int+3}
 10400 | D:10     | Noticed Urug
 10409 | D:10     | Killed Urug
 10697 | Lair:1   | Entered Level 1 of the Lair of Beasts
 10967 | Lair:1   | Reached skill level 15 in Unarmed Combat
 11094 | Lair:1   | Reached skill level 10 in Shapeshifting
 11438 | Lair:1   | Reached XP level 12. HP: 68/83 MP: 12/12
 11441 | Lair:1   | Reached *** piety under Wu Jian
 11688 | Lair:2   | Found a staircase to the Shoals.
 11869 | Lair:2   | You fall into a shaft and drop 2 floors!
 11882 | Lair:4   | Reached skill level 1 in Evocations
 12199 | Lair:3   | Found the +2 shield of Resistance {rF++ rC++ Will++}
 12356 | Lair:3   | Reached skill level 16 in Unarmed Combat
 12361 | Lair:3   | Reached **** piety under Wu Jian
 12370 | Lair:3   | Reached skill level 5 in Dodging
 12379 | Lair:3   | Reached skill level 5 in Stealth
 12575 | Lair:3   | Noticed an eight-headed hydra
 12582 | Lair:3   | Killed an eight-headed hydra
 12635 | Lair:3   | Reached XP level 13. HP: 87/89 MP: 13/13
 12688 | Lair:3   | Found a frozen archway.
 12715 | IceCv    | Entered an ice cave
 12726 | IceCv    | Noticed a quicksilver ooze
 12737 | IceCv    | Killed a quicksilver ooze
 13129 | IceCv    | Reached skill level 1 in Shields
 13277 | IceCv    | Noticed a quicksilver ooze
 13289 | IceCv    | Killed a quicksilver ooze
 13445 | IceCv    | Reached ***** piety under Wu Jian
 13596 | IceCv    | Found a viscous altar of Jiyva.
 13596 | IceCv    | Noticed an azure jelly
 13606 | IceCv    | Killed an azure jelly
 13709 | IceCv    | Identified the amulet "Piquaw" {Reflect Dex+3 SH+5}
 13723 | IceCv    | Identified the +4 ring mail "Fodoygun" {rPois rF- rC+++
                  | Int+3 Slay-2}
 14527 | Lair:4   | Reached skill level 5 in Evocations
 15133 | Lair:5   | Entered Level 5 of the Lair of Beasts
 15171 | Lair:5   | Reached skill level 17 in Unarmed Combat
 15208 | Lair:5   | Found a staircase to the Slime Pits.
 15208 | Lair:5   | Found a viscous altar of Jiyva.
 15377 | Lair:5   | Gained mutation: You have acidic saliva. [Yellow Draconian
                  | growth]
 15377 | Lair:5   | Reached XP level 14. HP: 96/96 MP: 14/14
 15535 | Lair:5   | HP: 3/96 [death yak (16)]
 15541 | Lair:5   | HP: 3/96 [death yak (14)]
 15695 | Lair:5   | Identified the ring "Osken" {rPois rN+ Str+3 Slay+6 Stlth-}
 15830 | Lair:5   | Reached ****** piety under Wu Jian
 16579 | Lair:2   | Reached skill level 5 in Shields
 16804 | Lair:2   | Found a staircase to the Snake Pit.
 17099 | D:11     | Found a staircase to the Orcish Mines.
 18207 | D:12     | Found an ornate altar of the Wu Jian Council.
 18361 | D:13     | Reached skill level 18 in Unarmed Combat
 18453 | D:13     | Reached XP level 15. HP: 102/102 MP: 15/15
 18854 | D:14     | Identified the +10 quarterstaff of Pyetazod {heavy, rF+
                  | Will+}
 18954 | D:14     | Found Saibaonuv's Distillery.
 18958 | D:14     | Bought 2 potions of curing for 84 gold pieces
 18958 | D:14     | Bought a potion of heal wounds for 70 gold pieces
 18958 | D:14     | Bought a potion of curing for 42 gold pieces
 18958 | D:14     | Bought a potion of curing for 42 gold pieces
 18958 | D:14     | Bought a potion of heal wounds for 70 gold pieces
 18958 | D:14     | Bought a potion of haste for 140 gold pieces
 18958 | D:14     | Bought a potion of invisibility for 112 gold pieces
 19416 | D:14     | Found a gate to the Vaults.
 20009 | D:15     | Entered Level 15 of the Dungeon
 20133 | D:15     | Identified the +8 quarterstaff of the Three Lives {venom,
                  | rElec Int+2}
 20481 | D:15     | Found a staircase to the Depths.
 20790 | D:15     | Found a portal to a secret trove of treasure.
 21110 | Orc:1    | Entered Level 1 of the Orcish Mines
 21326 | Orc:2    | Entered Level 2 of the Orcish Mines
 21381 | Orc:2    | Found a staircase to the Elven Halls.
 22022 | Orc:2    | Reached XP level 16. HP: 108/108 MP: 16/16
 22036 | Orc:2    | Reached skill level 19 in Unarmed Combat
 22200 | Orc:2    | Found Lalouq's General Store.
 22200 | Orc:2    | Found Nopalesh's Jewellery Boutique.
 22205 | Orc:2    | Found Wafoab's Antique Armour Shop.
 22205 | Orc:2    | Found Boelah's Antique Weapon Shop.
 23010 | Orc:2    | Bought a scroll of acquirement for 780 gold pieces
 23010 | Orc:2    | Acquired the ring of Kememmom {rF+ Will+ EV+5 Str+3}
 23028 | Orc:2    | Bought an embroidered cloak for 285 gold pieces
 23158 | Snake:1  | Entered Level 1 of the Snake Pit
 23230 | Snake:1  | Noticed Aizul
 23253 | Snake:1  | Killed Aizul
 23679 | Snake:1  | Found Jyfyphai's Magic Scroll Shop.
 23683 | Snake:1  | Bought a scroll of blinking for 127 gold pieces
 23893 | Snake:1  | Found Xiewaph's Antique Weapon Shop.
 23893 | Snake:1  | Found Xumolusape's Antique Weapon Boutique.
 23894 | Snake:1  | Found Ciriedi's Book Shop.
 23896 | Snake:1  | Found Keicef's Assorted Antiques.
 23911 | Snake:1  | Bought 2 scrolls labelled HEIPSA BORED for 66 gold pieces
 24130 | Snake:1  | Found Doetel's Book Shoppe.
 24754 | Snake:2  | Found Onaeqino's Magic Scroll Emporium.
 24754 | Snake:2  | Found Cutetioz's Armour Boutique.
 24761 | Snake:2  | Found Leipiax's Distillery.
 24791 | Snake:2  | Bought a potion of berserk rage for 65 gold pieces
 24791 | Snake:2  | Bought 2 potions of heal wounds for 130 gold pieces
 24791 | Snake:2  | Bought a potion of invisibility for 104 gold pieces
 25287 | Snake:3  | Noticed Roxanne
 25729 | Snake:3  | Identified the ring of Meuto {Drain rF- EV+5 Str+9 Dex+8}
 25745 | Snake:3  | Reached skill level 15 in Shapeshifting
 25885 | Snake:3  | Reached skill level 20 in Unarmed Combat
 25906 | Snake:3  | Noticed Bai Suzhen
 25924 | Snake:3  | Killed Bai Suzhen
 25925 | Snake:3  | Reached skill level 10 in Dodging
 26029 | Snake:3  | Noticed Jorgrun
 26040 | Snake:3  | Killed Jorgrun
 26041 | Snake:3  | Reached XP level 17. HP: 116/116 MP: 17/17
 26219 | Snake:3  | Found Abaf Hat's Jewellery Emporium.
 26220 | Snake:3  | Found Exafy's Book Shop.
 26220 | Snake:3  | Found Zepal's Book Shop.
 26605 | Snake:3  | Noticed Vashnia
 26624 | Snake:3  | Killed Vashnia
 27033 | Snake:4  | Entered Level 4 of the Snake Pit
 27527 | Snake:4  | Reached skill level 5 in Fighting
 27768 | Snake:4  | Reached skill level 10 in Evocations
 28614 | Snake:4  | HP: 3/130 [naga warrior/+1 halberd of venom (27)]
 28614 | Snake:4  | HP: 1/130 [constriction (2)]
 29163 | Snake:4  | Reached XP level 18. HP: 131/139 MP: 18/18
 29208 | Snake:4  | HP: 3/139 [nagaraja/+0 flail (19)]
 29208 | Snake:4  | Constricted to death by a nagaraja

Illustrated notes

Levels and vault maps discovered:
D:1:      lemuel_arrival_cross, layout_basic, serial_shops, shop
D:2:      layout_basic, uniq_terence
D:3:      layout_rooms, serial_shops, nicolae_shop_stone
D:4:      layout_loops_corners, uniq_duvessa, uniq_eustachio
D:5:      layout_rooms
D:6:      layout_rooms, temple_green, serial_curves, eino_curves_03,
          eino_curves_01, serial_shops, nicolae_shop_real_fake_doors,
          bh_walls_and_bars, uniq_maggie
D:7:      layout_loops_ring, grunt_temple_overflow_open, minmay_misc_feat_chi,
          chequers_serial_rivers_micro_c, grunt_livestock, minmay_bent
D:8:      layout_loops_corners, gammafunk_ghost_spectres, item_on_display_a,
          uniq_joseph, uniq_maurice, uniq_amaemon
D:9:      layout_stronghold, mainiacjoe_overflow_small_starburst,
          mainiacjoe_overflow_swirl, enter_bailey_3
D:10:     layout_basic, minmay_lair_entry_lava, chequers_serial_rivers_micro_e,
          uniq_snorg, uniq_urug
D:11:     layout_irregular_city
D:12:     layout_cave_pools, pdpol_wu_jian_five_deadly_venoms
D:13:     layout_rooms
D:14:     layout_roguey, david_vaults_5, serial_shops, shop,
          dreamdust_princess_corridor, chequers_serial_rivers_small_b,
          water_boxes_lemuel
D:15:     grunt_enter_depths_magical_seal, layout_loops_ring,
          nicolae_trove_entry_diagonal, minmay_misc_feat_room
Temple:   nicolae_temple_no_exploring_needed
Lair:1:   layout_hall_layers, infiniplex_staircase_pool_2, lemuel_fruit_fields
Lair:2:   layout_gridlike, shoals_dummy_entry,
          minmay_snake_entry_guardpost_large
Lair:3:   layout_regular_city, portal_ice_cave_entry_imps, worms_lemuel,
          lemuel_fruit_fields, serial_bayou_shore_a
Lair:4:   layout_roguey, lemuel_fruit_fields, grunt_megastairs_5
Lair:5:   guppyfry_lair_end_dragon, layout_regular_city,
          hangedman_lair_in_review, nicolae_slime_entry_field_trip,
          infiniplex_staircase_pool, serial_bayou_shore_b
Snake:1:  layout_onion, serial_shops, nicolae_shop_back_alley_shop,
          nicolae_shop_tiny_glass, eino_curves_03, minmay_shoptagon, uniq_aizul
Snake:2:  layout_onion_interference, nicolae_snake_serpentine_bazaar,
          grunt_megastairs_2, serial_bayou_shore_b
Snake:3:  layout_cave_town, serial_bayou_pond_e, nicolae_snake_storage_room,
          minmay_shop_grove, uniq_roxanne, uniq_vashnia, uniq_jorgrun,
          uniq_bai_suzhen
Snake:4:  snake_hunt, layout_cave_shapes, nicolae_triple_integral
Orc:1:    layout_caves, uniq_josephine
Orc:2:    st_orc_congregation, layout_caves, nicolae_volcano_entry_lava_flow

Skill      XL: |  1  2  3  4  5  6  7  8  9 10 11 12 13 14 15 16 17 |
---------------+----------------------------------------------------+-----
Unarmed Combat | 4 5 6 8 10 12 14 15 16 17 18 20 | 20.8
Shapeshifting  | 4 5 6 7 9 10 11 12 13 14 15 16 | 16.0
Dodging        | 3 5 6 7 8 10 | 10.9
Stealth        | 3 5 |  5.3
Evocations     | 3 5 7 8 9 10 | 10.0
Shields        | 4 6 7 |  7.3
Fighting       | 2 7 |  7.5

Action                     |  1- 3 |  4- 6 |  7- 9 | 10-12 | 13-15 | 16-18 || total
---------------------------+-------+-------+-------+-------+-------+-------++-------
  Melee: Unarmed           |    91 |   136 |   221 |   447 |  1038 |   798 ||  2731
         Tailslap          |     7 |    13 |    25 |    70 |   204 |   159 ||   478
         Punch             |     1 |     1 |    12 |    38 |       |       ||    52
         Maw               |       |       |       |    82 |   284 |   194 ||   560
         Constrict         |       |       |       |     5 |       |       ||     5
         Bite              |       |       |       |       |   101 |   124 ||   225
 Invoke: Heavenly Storm    |       |       |       |       |     1 |     2 ||     3
Ability: Breathe Acid      |       |       |    28 |    38 |    22 |     5 ||    93
         Lunge             |       |       |     5 |    26 |    84 |    58 ||   173
         Whirlwind         |       |       |       |    22 |    46 |   110 ||   178
  Evoke: Wand              |       |       |       |     7 |     9 |       ||    16
         Tin of tremorston |       |       |       |       |     2 |       ||     2
    Use: Potion            |     1 |       |     1 |     1 |     4 |     8 ||    15
         Scroll            |       |     4 |    13 |     7 |     5 |     4 ||    33
   Stab: Sleeping          |     2 |     2 |     1 |     1 |    22 |     7 ||    35
         Paralysed         |       |       |       |       |     5 |       ||     5
         Distracted        |       |       |       |       |     4 |     1 ||     5
 Armour: Skin              |    26 |    48 |    63 |   163 |   181 |    65 ||   546
  Dodge: Dodged            |    61 |    79 |   124 |   192 |   323 |   386 ||  1165
  Block: Kite shield       |       |       |       |    28 |   634 |   703 ||  1365
         Reflection        |       |       |       |       |    41 |    94 ||   135
   Form: Anaconda          |       |       |       |     1 |       |       ||     1
         Maw               |       |       |       |     1 |       |       ||     1

Table legend: (Time is in decaauts)
 A = Elapsed time spent in this place.
 B = Non-inter-level travel time spent in this place.
 C = Inter-level travel time spent in this place.
 D = Time resting spent in this place.
 E = Time spent auto-exploring this place.
 F = Levels seen in this place.
 G = Mean time per level.
                   A        B        C        D        E       F      G
               +--------+--------+--------+--------+--------+-----+--------+
         Total |  28719 |  27928 |    791 |   5277 |  14653 |  29 |  990.3 |
       Dungeon |  14056 |  13609 |    447 |   1828 |   8487 |  15 |  937.1 |
        Temple |     14 |      7 |      7 |      0 |      0 |   1 |   14.0 |
          Lair |   5222 |   4999 |    223 |    722 |   2671 |   5 | 1044.4 |
     Snake Pit |   5856 |   5769 |     87 |   1371 |   2667 |   4 | 1464.0 |
  Orcish Mines |   1921 |   1895 |     26 |    665 |    704 |   2 |  960.5 |
        Bailey |    563 |    563 |      0 |    281 |     57 |   1 |  563.0 |
      Ice Cave |   1084 |   1084 |      0 |    409 |     66 |   1 | 1084.0 |
               +--------+--------+--------+--------+--------+-----+--------+

Top non-repeatable levels by time:
 Snake:3: 2183 daAuts
 Snake:4: 1645 daAuts
     D:4: 1463 daAuts
  Lair:5: 1363 daAuts
     D:7: 1283 daAuts
    D:10: 1263 daAuts
    D:14: 1166 daAuts
   Orc:2: 1151 daAuts
     D:6: 1140 daAuts
  Lair:1: 1110 daAuts
 Snake:1: 1092 daAuts
   IceCv: 1084 daAuts
  Lair:3: 1041 daAuts
     D:8: 1030 daAuts
  Lair:4: 1029 daAuts
